 Dungeon Crawl Stone Soup version 0.20-a0-1116-gaa52201 (webtiles) character file.

44 Rrauwl the Skirmisher (level 3, -1/40 HPs)
             Began as an Ogre Monk on May 8, 2017.
             Was a Follower of the Shining One.
             Hit by a goblin thrown by Robin (2 damage)
             ... on level 2 of the Dungeon.
             The game lasted 00:02:41 (1239 turns).

Rrauwl the Skirmisher (Ogre Monk)                   Turns: 1239, Time: 00:02:41

Health: -1/40      AC:  3    Str: 15    XL:     3   Next: 62%
Magic:  2/3        EV: 11    Int: 11    God:    the Shining One [*.....]
Gold:   57         SH:  6    Dex: 12    Spells: 2/2 levels left

rFire    . . .     SeeInvis .   a - +0 mace
rCold    . . .     Gourm    .   (no shield)
rNeg     . . .     Faith    .   b - +0 robe
rPois    .         Spirit   .   (helmet restricted)
rElec    .         Reflect  .   (no cloak)
rCorr    .         Harm     .   (gloves unavailable)
MR       .....                  (boots unavailable)
Stlth    +.........             (no amulet)
Regen    0.2/turn               (no ring)
MPRegen  0.1/turn               (no ring)

@: divine shield, glowing
A: unfitting armour, tough skin 1
a: Renounce Religion


You were on level 2 of the Dungeon.
You worshipped the Shining One.
The Shining One was aware of your devotion.
You were not hungry.

You visited 1 branch of the dungeon, and saw 2 of its levels.

You collected 57 gold pieces.

Inventory:

Hand Weapons
 a - a +0 mace (weapon)
Armour
 b - a +0 robe (worn)
Comestibles
 c - 2 bread rations
 d - a meat ration
 f - a chunk of flesh
 g - a royal jelly


   Skills:
 + Level 4.7 Fighting
 + Level 3.2 Maces & Flails
 - Level 3.1 Dodging
 - Level 1.4 Stealth


You had 2 spell levels left.
You didn't know any spells.

Dungeon Overview and Level Annotations

Branches:
Dungeon (2/15)

Altars:
Xom
The Shining One

Annotations:
D:2 Robin


Innate Abilities, Weirdness & Mutations

You are too large for most types of armour.
You have tough skin. (AC +1)


Message History

Unknown command.
You hit the rat.
You kill the rat!
The bat hits you but does no damage. The bat hits you.
* * * LOW HITPOINT WARNING * * *
The goblin hits you with a dagger!
* * * LOW HITPOINT WARNING * * *
You barely miss the goblin. The bat closely misses you. x2
The bat hits you.
* * * LOW HITPOINT WARNING * * *
You hit the goblin but do no damage. You block the bat's attack.
The bat hits you but does no damage. The bat barely misses you.
The goblin hits you with a dagger.
* * * LOW HITPOINT WARNING * * *
You completely miss the goblin. The bat barely misses you.
You barely miss the goblin. The goblin hits you with a dagger.
* * * LOW HITPOINT WARNING * * *
The goblin closely misses you. The bat completely misses you.
Robin throws the goblin at you!
You die...

..!....................
...!...................
#...†##†........###..
#. #..)g._8_....... .
##.##.###.....#.....
###.....###.......#....
.......g#..............
......gg#.g...##......
.......)#@....#..##.
.......gggb.......
.......#.g...##.. .
.............#
.......#.....#
...............
........#....###
............## #.. ..
...#


You could see Robin, a hobgoblin, 3 goblins and a bat.

Vanquished Creatures
  A dart slug (D:1)
  A leopard gecko (D:1)
  2 giant cockroaches (D:1)
  14 goblins
  4 hobgoblins
  4 jackals (D:1)
  4 kobolds (D:1)
  A bat (D:1)
  A frilled lizard (D:1)
  2 rats
34 creatures vanquished.

Notes
Turn   | Place    | Note
-------+----------+-------------------------------------------
     0 | D:1      | Rrauwl the Ogre Monk began the quest for the Orb.
     0 | D:1      | Reached XP level 1. HP: 24/24 MP: 1/1
   348 | D:1      | Reached XP level 2. HP: 32/32 MP: 2/2
   807 | D:1      | Reached XP level 3. HP: 39/39 MP: 3/3
  1201 | D:2      | Found a shimmering altar of Xom.
  1201 | D:2      | Found a glowing golden altar of the Shining One.
  1207 | D:2      | Became a worshipper of the Shining One
  1207 | D:2      | Reached * piety under the Shining One
  1207 | D:2      | Reached ** piety under the Shining One
  1215 | D:2      | Noticed Robin
  1239 | D:2      | HP: 1/40 [goblin/dagger[Robin] (2)]
  1239 | D:2      | Hit by a goblin thrown by Robin

Vault maps used:
D:1:      dpeg_arrival_stone_temple_mockup, minmay_stone_trees_small,
          minmay_stone_trees_large
D:2:      chequers_temple_overflow_statue_of_worship, uniq_sigmund,
          uniq_terence, uniq_jessica, uniq_robin

Skill      XL: |  1  2 |
---------------+-------+-----
Dodging        | 3 |  3.1
Maces & Flails | 3 |  3.2
Fighting       | |  4.7
Stealth        | |  1.4

Action                   || total
-------------------------++-------
Melee: Mace              ||    95
Invok: Divine Shield     ||     1
  Use: Potion            ||     1
 Stab: Sleeping          ||     1
  Eat: Chunk             ||     1
Armor: Robe              ||    31
Dodge: Dodged            ||    55
Block: Other             ||     8
